 Dungeon Crawl Stone Soup version 0.29.1-2-gbd0b4ee654 (webtiles) character file.

Game seed: 5147511049638069362

2 zeram the Caller (level 1, 0/10 HPs)
             Began as a Deep Elf Summoner on Nov 18, 2022.
             Slain by a quokka (5 damage)
             ... on level 1 of the Dungeon.
             The game lasted 00:00:35 (501 turns).

zeram the Caller (Deep Elf Summoner)                 Turns: 501, Time: 00:00:36

Health: 0/10       AC:  2    Str:  5    XL:     1   Next: 33%
Magic:  6/6        EV: 12    Int: 19    God:
Gold:   7          SH:  0    Dex: 15    Spells: 5/6 levels left

rFire   . . .      SeeInvis .   c - +0 short sword
rCold   . . .      Faith    .   (no shield)
rNeg    . . .      Spirit   .   a - +0 robe
rPois   .          Reflect  .   (no helmet)
rElec   .          Harm     .   (no cloak)
rCorr   .          Rampage  .   (no gloves)
Will    .....                   (no boots)
Stlth   ++........              (no amulet)
HPRegen 0.03/turn               (no ring)
MPRegen 0.10/turn               (no ring)

@: no status effects
A: no striking features
a: no special abilities


You were on level 1 of the Dungeon.
You visited 1 branch of the dungeon, and saw 1 of its levels.

You collected 7 gold pieces.

Inventory:

Hand Weapons
 c - a +0 short sword (weapon)
Armour
 a - a +0 robe (worn)
Scrolls
 d - a scroll of amnesia {unknown}
Potions
 b - a potion of magic


   Skills:
 + Level 2.4 Dodging
 - Level 2.4 Stealth
 + Level 3.0 Spellcasting
 + Level 4.5 Summonings


You had 5 spell levels left.
You knew the following spells:

 Your Spells              Type           Power      Damage    Failure   Level
a - Summon Small Mammal   Summ           80%        N/A       2%          1

Your spell library contained the following spells:

 Spells                   Type           Power      Damage    Failure   Level
 Call Imp                 Summ           20%        N/A       3%          2
 Call Canine Familiar     Summ           20%        N/A       7%          3
 Summon Guardian Golem    Hex/Summ       11%        N/A       19%         3
 Summon Lightning Spire   Summ/Air       11%        N/A       52%         4


Dungeon Overview and Level Annotations

Branches:
Dungeon (1/15)

Altars:


Message History

Found a leather armour.
A quokka and a hobgoblin come into view.
There are monsters nearby!
There are monsters nearby!
An endoplasm comes into view.
Found a scroll labelled EBEXIS SIDEAFO.
Sorry, you're not good enough to have a special ability.
Casting: Summon Small Mammal (safe; 2% risk of failure)
Confirm with . or Enter, or press ? or * to list all spells.
You closely miss the hobgoblin. The hobgoblin hits you.
You barely miss the hobgoblin. Your punch misses the hobgoblin.
The hobgoblin completely misses you.
You barely miss the hobgoblin. The quokka bites your quokka.
The hobgoblin barely misses you. The hobgoblin misses you.
The quokka closely misses your quokka.
You hit the hobgoblin.
The hobgoblin is moderately wounded.
The quokka closely misses your quokka. The hobgoblin hits you.
You completely miss the hobgoblin.
The hobgoblin is moderately wounded.
The quokka bites your quokka.
Your quokka dies!
Your quokka's corpse disappears in a puff of smoke!
The hobgoblin misses you.
You completely miss the hobgoblin.
The hobgoblin is moderately wounded.
The hobgoblin hits you but does no damage.
You completely miss the hobgoblin.
The hobgoblin is moderately wounded.
The quokka barely misses you. The hobgoblin hits you.
The quokka barely misses you.
You hit the hobgoblin.
The hobgoblin is heavily wounded.
The hobgoblin barely misses you.
The quokka bites you but does no damage.
You hit the hobgoblin but do no damage.
The hobgoblin is heavily wounded.
The quokka bites you.
Ouch! That really hurt!
You die...

#J##. ..#.. #######
...... ......#
#####...... ......#
#...#......
....[.########.#........
........................
########...#####r######
# ##### #@# # #g# # ...
# ..... # ....... #
......... ## ..........#
.. ...........# ##


You could see a quokka and a hobgoblin.

Vanquished Creatures (collateral kills)
  A bat (D:1)
  A hobgoblin (D:1)
2 creatures vanquished.

Notes
Turn   | Place    | Note
-------+----------+-------------------------------------------
     0 | D:1      | zeram the Deep Elf Summoner began the quest for the Orb.
     0 | D:1      | Reached XP level 1. HP: 10/10 MP: 6/6
   501 | D:1      | Slain by a quokka

Illustrated notes

Levels and vault maps discovered:
D:1:      eino_arrival_druids_welcome, layout_basic, minmay_tetromino_s2

Action                   || total
-------------------------++-------
Melee: Short sword       ||    11
       Unarmed           ||     7
 Cast: Summon Small Mamm ||     3
Armor: Robe              ||     5
Dodge: Dodged            ||    22
